 Dungeon Crawl Stone Soup version 0.28-a0-938-gbc3f381ebc (webtiles) character file.

Game seed: 126646707721560988

25 cheechan the Caller (level 3, -8/21 HPs)
             Began as an Octopode Summoner on Nov 29, 2021.
             Mangled by Sigmund (11 damage)
             ... on level 2 of the Dungeon.
             The game lasted 00:08:09 (1271 turns).

cheechan the Caller (Octopode Summoner)             Turns: 1271, Time: 00:08:09

Health: -8/21      AC:  1    Str: 13    XL:     3   Next: 6%
Magic:  3/6        EV: 13    Int: 18    God:
Gold:   84         SH:  0    Dex: 12    Spells: 3/6 levels left

rFire   . . .      SeeInvis .   b - +1 short sword
rCold   . . .      Faith    .   (no shield)
rNeg    . . .      Spirit   .   (helmet restricted)
rPois   .          Reflect  .   (no amulet)
rElec   .          Harm     .   d - +6 ring of strength
rCorr   .          Rampage  .   (no ring)
Will    .....                   (no ring)
Stlth   ++........              (no ring)
HPRegen 0.07/turn               (no ring)
MPRegen 0.10/turn               (no ring)
                                (no ring)
                                (no ring)

@: confused
A: almost no armour, amphibious, 8 rings, camouflage 1, gelatinous body 1,
(nimble swimmer 1), tentacles
a: no special abilities


You were on level 2 of the Dungeon.
You visited 1 branch of the dungeon, and saw 2 of its levels.

You collected 84 gold pieces.

Inventory:

Hand Weapons
 b - a +1 short sword (weapon)
Missiles
 c - 17 bolts
Jewellery
 d - a +6 ring of strength (left tentacle)
Scrolls
 e - 2 scrolls of enchant weapon
Potions
 f - a potion of lignification {unknown}


   Skills:
 + Level 0.1 Fighting
 + Level 0.2 Short Blades
 + Level 2.2 Dodging
 + Level 3.5 Stealth
 + Level 2.2 Spellcasting
 + Level 4.2 Summonings


You had 3 spell levels left.
You knew the following spells:

 Your Spells              Type           Power      Damage    Failure   Level
a - Call Imp              Summ           17%        N/A       4%          2
b - Summon Small Mammal   Summ           68%        N/A       3%          1

Your spell library contained the following spells:

 Spells                   Type           Power      Damage    Failure   Level
 Call Canine Familiar     Summ           17%        N/A       9%          3
 Summon Guardian Golem    Hex/Summ       9%         N/A       22%         3
 Summon Lightning Spire   Summ/Air       9%         N/A       58%         4


Dungeon Overview and Level Annotations

Branches:
Dungeon (2/15)

Altars:
Wu Jian

Shops:
D:1 !

Annotations:
D:2 Sigmund


Innate Abilities, Weirdness & Mutations

You cannot wear most types of armour.
You are amphibious.
You can wear up to eight rings at the same time.
Your skin changes colour to match your surroundings (Stealth+).
Your rubbery body absorbs attacks. (AC +1, EV +1)
((You are camouflaged near water. (Stealth+)))
You have tentacles for arms and can constrict up to eight enemies at once.


Message History

Cast which spell? (? or * to list)
A beastly little devil appears in a puff of flame.
Casting: Call Imp (safe; 4% risk of failure)
Confirm with . or Enter, or press ? or * to list all spells.
A shadowy apparition takes form in the air.
Your crimson imp disappears in a puff of smoke!
You swap places.
Your shadow imp hits Sigmund.
Sigmund gestures at you while chanting.
You are confused.
Your shadow imp completely misses Sigmund.
Sigmund hits you but does no damage.
Your shadow imp hits Sigmund.
Are you sure you want to stumble around while confused and next to your shadow imp?
Your shadow imp misses Sigmund.
You hit Sigmund. You squeeze Sigmund!
Sigmund is severely wounded.
Sigmund barely misses you.
Your shadow imp hits Sigmund.
Sigmund casts a spell.
Sigmund flickers and vanishes!
Deactivating autopickup; reactivate with Ctrl-A.
Your shadow imp barely misses something.
You feel less confused.
You hear some strange, mumbled words.
You are confused.
Your shadow imp closely misses something.
Something hits you!
Your shadow imp closely misses something.
Your shadow imp gestures next to you.
Are you sure you want to stumble around while confused and next to your shadow imp?
You closely miss something. Something barely misses you.
Your shadow imp hits something.
Are you sure you want to stumble around while confused and next to your shadow imp?
You hear some strange, mumbled words.
A puff of flame appears from out of thin air!
The puff of flame hits you.
* * * LOW HITPOINT WARNING * * *
Your shadow imp misses something.
Okay, then.
Something hits you!
Ouch! That really hurt!
You die...

#........... #.
###.##.##..... #.
#............. #.
#.#.##.##.#### #.
#.#.##.# # #.
#.#..... #.
###.####.# ##
#......#..
#.@..#.#...
#5.........
#......{........
..........##.#....
l.....(...# .# ###
...._...... .#
#......#..#. #
##.....#..#.#
.....##... .


You could see a friendly shadow imp (summoned).

Vanquished Creatures
  A dart slug (D:1)
  2 ball pythons (D:1)
  2 hobgoblins (D:1)
  3 jackals (D:1)
  4 frilled lizards (D:1)
  2 kobolds
  2 rats (D:1)
16 creatures vanquished.

Vanquished Creatures (collateral kills)
  A goblin (D:1)
  2 hobgoblins (D:1)
  3 kobolds (D:1)
  A rat (D:1)
7 creatures vanquished.

Grand Total: 23 creatures vanquished

Notes
Turn   | Place    | Note
-------+----------+-------------------------------------------
     0 | D:1      | cheechan the Octopode Summoner began the quest for the Orb.
     0 | D:1      | Reached XP level 1. HP: 11/11 MP: 3/3
   519 | D:1      | Reached XP level 2. HP: 11/17 MP: 1/5
   535 | D:1      | Learned a level 2 spell: Call Imp
   888 | D:1      | Reached XP level 3. HP: 13/21 MP: 0/6
   895 | D:1      | Found a faded altar of an unknown god.
   959 | D:1      | Found Rulom's Distillery.
  1248 | D:2      | Found an ornate altar of the Wu Jian Council.
  1254 | D:2      | Noticed Sigmund
  1271 | D:2      | Mangled by Sigmund

Illustrated notes

Levels and vault maps discovered:
D:1:      grunt_arrival_crossed_arrows, layout_loops_cross, serial_shops,
          nicolae_shop_trees, chequers_ecumenical_altar_island, minmay_distorted
D:2:      layout_loops_cross, basic_altar, uniq_sigmund

Skill      XL: |  1 |
---------------+----+-----
Stealth        | 3 |  3.5
Fighting       | |  0.1
Short Blades   | |  0.2
Dodging        | |  2.2
Spellcasting   | |  2.2
Summonings     | |  4.2

Action                   || total
-------------------------++-------
Melee: Unarmed           ||     9
       Short sword       ||    33
       Tentacles         ||     8
       Constrict         ||    11
 Cast: Summon Small Mamm ||    13
       Call Imp          ||    13
  Use: Scroll            ||     3
 Stab: Sleeping          ||     3
Armor: Skin              ||     3
Dodge: Dodged            ||    37

Table legend: (Time is in decaauts)
 A = Elapsed time spent in this place.
 B = Non-inter-level travel time spent in this place.
 C = Inter-level travel time spent in this place.
 D = Time resting spent in this place.
 E = Time spent auto-exploring this place.
 F = Levels seen in this place.
 G = Mean time per level.
                   A        B        C        D        E       F      G
               +--------+--------+--------+--------+--------+-----+--------+
         Total |   1273 |   1273 |      0 |    313 |      0 |   2 |  636.5 |
       Dungeon |   1273 |   1273 |      0 |    313 |      0 |   2 |  636.5 |
               +--------+--------+--------+--------+--------+-----+--------+

Top non-repeatable levels by time:
     D:1: 1120 daAuts
     D:2: 152 daAuts
